 Dungeon Crawl Stone Soup version 0.21-a0-264-g3e31e41 (webtiles) character file.

56 sagitran the Covered (level 3, -8/30 HPs)
             Began as a Barachi Fighter on Sept 8, 2017.
             Mangled by Sigmund
             ... wielding a +4 scythe
              (10 damage)
             ... on level 3 of the Dungeon.
             The game lasted 00:10:07 (1704 turns).

sagitran the Covered (Barachi Fighter)              Turns: 1704, Time: 00:10:07

Health: -8/30      AC:  7    Str: 18    XL:     3   Next: 95%
Magic:  3/3        EV:  7    Int:  8    God:
Gold:   152        SH:  9    Dex: 11    Spells: 2/2 levels left

rFire    . . .     SeeInvis .   a - +0 long sword
rCold    . . .     Gourm    .   c - +0 shield
rNeg     . . .     Faith    .   b - +0 scale mail
rPois    .         Spirit   .   (no helmet)
rElec    .         Reflect  .   (no cloak)
rCorr    .         Harm     .   (no gloves)
MR       .....                  (no boots)
Stlth    ..........             (no amulet)
HPRegen  0.10/turn              (no ring)
MPRegen  0.08/turn              (no ring)

@: slow
A: +LOS, swims, slowness 1, strong legs 1
a: Hop


You were on level 3 of the Dungeon.
You were not hungry.

You visited 1 branch of the dungeon, and saw 3 of its levels.

You collected 152 gold pieces.

Inventory:

Hand Weapons
 a - a +0 long sword (weapon)
 w - a +0 falchion
Missiles
 e - 3 tomahawks (quivered)
 q - 6 javelins of penetration
Armour
 b - a +0 scale mail (worn)
 c - a +0 shield (worn)
Scrolls
 h - 6 scrolls of identify
 j - 2 scrolls of recharging
 l - a scroll of enchant armour {unknown}
 n - 3 scrolls of teleportation
 o - a scroll of fear {unknown}
 r - a scroll of remove curse
 s - a scroll of amnesia {unknown}
 t - a scroll of magic mapping {unknown}
Potions
 d - a potion of might
 g - 2 potions of curing
 i - a potion of degeneration {unknown}
 k - 2 potions of heal wounds {unknown}
 m - a potion of haste {unknown}
 p - a potion of magic {unknown}
 v - 2 potions of invisibility {unknown}
Comestibles
 f - 2 bread rations
 u - a royal jelly


   Skills:
 + Level 4.2 Fighting
 + Level 3.2 Long Blades
 + Level 4.2 Armour
 + Level 0.7 Dodging
 + Level 3.6 Shields


You had 2 spell levels left.
You didn't know any spells.

Dungeon Overview and Level Annotations

Branches:
Dungeon (3/15)

Altars:
Fedhas
Qazlal

Annotations:
D:3 Jessica, Sigmund


Innate Abilities, Weirdness & Mutations

Shadows flee at your approach. (+LOS)
You can swim through water.
You cover ground slowly.
You can hop short distances.


Message History

You don't know any spells.
You aren't carrying any items that you can evoke.
You're too confused!
Throwing (i - inventory. (,) - cycle):
e - 3 tomahawks (quivered)
Press: ? - help, Shift-Dir - straight line, f - you
Okay, then.
You closely miss something. Something hits you.
* * * LOW HITPOINT WARNING * * *
You bump into the rock wall.
Something hits you but does no damage.
You bump into the rock wall.
You're too confused!
You're too confused!
You feel less confused.
You hear some strange, mumbled words.
A puff of flame appears from out of thin air!
The puff of flame hits you!
* * * LOW HITPOINT WARNING * * *
Something hits you!
You die...

####.####...# #.####...#
#........# #..###...#
#....#.###
#########.#.#.#########
#......##.#.#.........#
#.####.##.#.########.##
#.#.......#.#...@.)..#
#.#.##.####.#.#########.
#....#.####.#...........
######...)..############
########


There were no monsters in sight!

Vanquished Creatures
  An adder (D:3)
  An ooze (D:2)
  4 worms
  A dart slug (D:1)
  A leopard gecko (D:1)
  3 goblins
  5 hobgoblins
  4 bats
  3 frilled lizards
  A kobold (D:1)
  6 rats
30 creatures vanquished.

Notes
Turn   | Place    | Note
-------+----------+-------------------------------------------
     0 | D:1      | sagitran the Barachi Fighter began the quest for the Orb.
     0 | D:1      | Reached XP level 1. HP: 18/18 MP: 1/1
   163 | D:1      | Reached XP level 2. HP: 23/25 MP: 2/2
   754 | D:2      | Reached XP level 3. HP: 29/30 MP: 3/3
  1339 | D:3      | Noticed Jessica
  1358 | D:3      | Found a stormy altar of Qazlal.
  1368 | D:3      | Found a blossoming altar of Fedhas.
  1688 | D:3      | Noticed Sigmund
  1704 | D:3      | Mangled by Sigmund

Vault maps used:
D:1:      lightli_arrival_noodles
D:2:      minmay_door_square
D:3:      grunt_temple_overflow_forces_of_nature, uniq_natasha, uniq_sigmund,
          uniq_jessica

Skill      XL: |  1  2  3 |
---------------+----------+-----
Armour         | 4 |  4.2
Fighting       | 4 |  4.2
Long Blades    | 3 |  3.2
Dodging        | |  0.7
Shields        | |  3.6

Action                   || total
-------------------------++-------
Melee: Long sword        ||    90
Throw: Tomahawk          ||     4
       Javelin           ||     2
  Use: Scroll            ||     4
  Eat: Chunk             ||     3
Armor: Scale mail        ||    37
Dodge: Dodged            ||    36
Block: Shield            ||    50
       Rpst.: Long sword ||    15

Table legend:
 A = Spawn XP
 B = Non-spawn XP
 C = Spawn XP percentage of total XP
 D = Spawn monster count
 E = Non-spawn monster count
 F = Spawn count percentage of total count
 G = Total turns spent on level
                    A         B        C        D         E        F      G
               +---------+---------+-------+---------+---------+-------+---------
         Total |       0 |      80 |   0.0 |       0 |      30 |   0.0 |  1704
               +---------+---------+-------+---------+---------+-------+---------
           D:1 |       0 |      16 |   0.0 |       0 |      10 |   0.0 |   461
           D:2 |       0 |      40 |   0.0 |       0 |      15 |   0.0 |   863
           D:3 |       0 |      24 |   0.0 |       0 |       5 |   0.0 |   380
               +---------+---------+-------+---------+---------+-------+---------
